 Dungeon Crawl Stone Soup version 0.31-a0-1204-ge2c1a860ed (webtiles) character file.

Game seed: 10035673509447431515

17 olourkin the Grave Robber (level 2, -3/21 HPs)
             Began as a Demonspawn Necromancer on Dec 12, 2023.
             Succumbed to a goblin's curare-tipped dart
             ... on level 2 of the Dungeon.
             The game lasted 00:03:30 (1381 turns).

olourkin the Grave Robber (Demonspawn Necromancer)  Turns: 1381, Time: 00:03:30

Health: -3/21      AC:  4    Str:  8    XL:     2   Next: 44%
Magic:  4/5        EV: 12    Int: 17    God:
Gold:   29         SH:  5    Dex: 13    Spells: 4/5 levels left

rFire   . . .        (no weapon)
rCold   . . .        (no shield)
rNeg    . . .        a - +0 robe
rPois   .            e - +0 helmet
rElec   .            (no cloak)
rCorr   .            f - +0 pair of gloves
SInv    .            (no boots)
Will    +....        d - amulet of reflection
Stlth   ++           (no ring)
HPRegen 0.23/turn    (no ring)
MPRegen 0.09/turn

%: reflection
@: lethally poisoned (-3 -> -13), enlightened, flying, slowed, very slow
A: big brain 1
a: no special abilities


You were on level 2 of the Dungeon.
You visited 1 branch of the dungeon, and saw 2 of its levels.

You collected 29 gold pieces.

Inventory:

Armour
 a - a +0 robe (worn)
 e - a +0 helmet (worn)
 f - a +0 pair of gloves (worn)
Jewellery
 d - an amulet of reflection (around neck)
Scrolls
 c - 2 scrolls of identify {unknown}
Potions
 b - a potion of magic


   Skills:
 + Level 1.4 Fighting
 + Level 1.2 Armour
 - Level 1.7 Dodging
 - Level 1.7 Stealth
 - Level 2.0 Spellcasting
 - Level 4.3 Necromancy


You had 4 spell levels left.
You knew the following spells:

 Your Spells              Type           Power      Damage    Failure   Level
y - Necrotise             Necr           64%        1d7       3%          1

Your spell library contained the following spells:

 Spells                   Type           Power      Damage    Failure   Level
 Vampiric Draining        Necr           16%        2d7       10%         3
 Animate Dead             Necr           16%        N/A       32%         4
 Agony                    Necr           16%        N/A       65%         5


Dungeon Overview and Level Annotations

Branches:
Dungeon (2/15)

Altars:


Innate Abilities, Weirdness & Mutations

You have an unusually large brain. (Int +2)


Message History

Press: ? - help, Shift-Dir - straight line, f - rat
Aim: a rat (wandering, hasn't noticed you, chance to affect: 86%)
The rat squeaks loudly.
The rat writhes in agony!
You kill the rat!
The dead are walking!
You hear a shout!
A goblin comes into view.
It is wielding a +0 club and quivering curare-tipped darts.
There is an open door here.
A ball python comes into view.
You swap places.
The goblin throws a curare-tipped dart.
The curare-tipped dart hits you.
You are lethally poisoned!
You have difficulty breathing.
You feel yourself slow down.
You swap places.
* * * LOW HITPOINT WARNING * * *
You feel extremely sick.
The goblin throws a curare-tipped dart.
The curare-tipped dart hits your rat skeleton.
It was a potion of enlightenment.
You feel very buoyant.
You fly up into the air.
* * * LOW HITPOINT WARNING * * *
You feel very sick.
The ball python bites your rat skeleton.
The ball python grabs your rat skeleton.
The ball python constricts your rat skeleton.
Your rat skeleton bites the ball python.
The ball python bites your rat skeleton.
The ball python constricts your rat skeleton.
Your rat skeleton is destroyed!
Casting: Necrotise (safe; 3% risk of failure)
Confirm with . or Enter, or press ? or * to list all spells.
Aiming: Necrotise (safe; 3% risk of failure)
Press: ? - help, Shift-Dir - straight line, f - ball python
Aim: a ball python (heavily wounded, chance to affect: 86%)
The ball python writhes in agony.
You kill the ball python!
The dead are slithering!
You die...

#..#.# .. .###..#.##.#
...........#
....?.....# ......gZ..+
..........# .<#####'###
#.# #@# #.#
..#..#####.####
#.#...........#
..#####.....####.##.#
#.#
..#.....#...####.##.#.#
#.#
..#.....#...#.......#.#
#.#
..#.....#...##.#.#..#.#
#.#
.............#.#.#..#.#
#.#


You could see a goblin (ally target) and a friendly ball python skeleton.

Vanquished Creatures
  A dart slug (D:1)
  3 ball pythons
  3 bats
  2 endoplasms (D:1)
  A giant cockroach (D:2)
  A quokka (D:1)
  A frilled lizard (D:1)
  A kobold (D:1)
  2 rats
15 creatures vanquished.

Notes
Turn   | Place    | Note
-------+----------+-------------------------------------------
     0 | D:1      | olourkin the Demonspawn Necromancer began the quest for the
                  | Orb.
     0 | D:1      | Reached XP level 1. HP: 13/13 MP: 3/3
   331 | D:1      | Reached skill level 1 in Fighting
   331 | D:1      | Reached skill level 1 in Armour
   331 | D:1      | Gained mutation: You have an unusually large brain. (Int
                  | +2) [demonic ancestry]
   331 | D:1      | Reached XP level 2. HP: 15/21 MP: 0/5
  1380 | D:2      | HP: 1/21 [poisoned by a goblin (curare-tipped dart)]
  1381 | D:2      | Succumbed to a goblin's curare-tipped dart

Illustrated notes

Levels and vault maps discovered:
D:1:      lightli_arrival_statuegarden, layout_basic, serial_forest,
          infiniplex_forest_lined_2, infiniplex_forest_clump_double,
          infiniplex_forest_side_room, infiniplex_forest_clump_cross,
          infiniplex_forest_straight_5, infiniplex_forest_diagonal,
          infiniplex_forest_lined_room_
D:2:      layout_basic, shapermc_ecumenical_altar_gd, cheibrodos_gnoll_hut

Skill      XL: |  1 |
---------------+----+-----
Fighting       | 1 |  1.4
Armour         | 1 |  1.2
Dodging        | |  1.7
Stealth        | |  1.7
Spellcasting   | |  2.0
Necromancy     | |  4.3

Action                     || total
---------------------------++-------
  Melee: Unarmed           ||    37
   Cast: Necrotise         ||    25
    Use: Potion            ||     1
   Stab: Sleeping          ||     1
 Armour: Robe              ||    32
  Dodge: Dodged            ||    28
  Block: Other             ||    14

Table legend: (Time is in decaauts)
 A = Elapsed time spent in this place.
 B = Non-inter-level travel time spent in this place.
 C = Inter-level travel time spent in this place.
 D = Time resting spent in this place.
 E = Time spent auto-exploring this place.
 F = Levels seen in this place.
 G = Mean time per level.
                   A        B        C        D        E       F      G
               +--------+--------+--------+--------+--------+-----+--------+
         Total |   1381 |   1357 |     24 |    256 |    890 |   2 |  690.5 |
       Dungeon |   1381 |   1357 |     24 |    256 |    890 |   2 |  690.5 |
               +--------+--------+--------+--------+--------+-----+--------+

Top non-repeatable levels by time:
     D:1: 1146 daAuts
     D:2: 235 daAuts
